Map: Ulrena

Players

zidar - Winner!

  • Race: Zerg Zerg
  • League: Silver
  • Spawn Location: 7:00

fred

  • Race: Terran Terran
  • League: Silver
  • Spawn Location: 11:00

VOD

Have the link to the VOD?

Description

Time

  • Played on: Jan. 4, 2016, 2:45 p.m.
  • Length: 29:00
Show
View Real Time Build Order
Export as new Build Order

zidar Zerg - Winner!

Build Orders: Hatch First, Muta Ling Bane 

Get SALT Encoding   

  12  0:02  Drone  
  13  0:12  Overlord  
  13  0:17  Drone  
  14  0:30  Drone x2  
  14  0:35  Drone  
  17  0:58  Drone  
  17  0:59  Hatchery  
  17  1:03  Extractor  
  17  1:04  Drone  
  17  1:18  Spawning Pool  
  16  1:19  Drone  
  17  1:26  Drone  
  17  1:30  Drone  
  19  1:44  Drone  
  20  1:51  Overlord  
  20  2:05  Metabolic Boost  
  20  2:06  Queen  
  22  2:11  Queen  
  22  2:15  Drone  
  25  2:25  Drone x3  
  28  2:33  Drone  
  29  2:39  Drone  
  29  2:40  Drone  
  31  2:47  Zergling x4  
  33  3:03  Roach Warren  
  32  3:06  Extractor  
  31  3:18  Overlord  
  31  3:43  Roach x2  
  31  3:44  Roach x2  
  31  3:45  Roach x2  
  43  3:50  Overlord  
  43  3:51  Overlord  
  43  4:03  Drone  
  43  4:22  Ravager  
  44  4:25  Roach  
  44  4:28  Lair  
  46  4:33  Drone x7  
  53  4:41  Roach  
  53  4:42  Roach  
  41  5:53  Spire  
  40  5:57  Baneling Nest  
  39  6:04  Zergling x2  
  39  6:05  Zergling x30  
  39  6:06  Evolution Chamber  
  39  6:07  Evolution Chamber  
  53  6:17  Queen  
  55  6:25  Hatchery  
  54  6:33  Overseer  
  54  6:34  Extractor  
  54  6:36  Drone x3  
  54  6:39  Extractor  
  55  6:45  Zerg Melee Weapons Level 1  
  55  6:46  Zerg Ground Armor Level 1  
  55  6:48  Overlord  
  55  6:49  Overlord x2  
  55  6:52  Centrifical Hooks  
  55  6:55  Baneling  
  55  6:56  Baneling x6  
  55  7:14  Zerg Flyer Weapons Level 1  
  55  7:18  Drone  
  55  7:19  Drone x9  
  65  7:28  Zergling x4  
  65  7:29  Zergling x4  
  69  7:46  Mutalisk x4  
  77  7:59  Overseer  
  77  8:00  Infestation Pit  
  77  8:01  Drone x3  
  79  8:19  Mutalisk  
  81  8:28  Overlord x3  
  81  8:35  Drone  
  81  8:37  Extractor x2  
  81  8:38  Drone  
  81  8:39  Drone  
  82  8:43  Zerg Ground Armor Level 2  
  82  8:44  Zerg Melee Weapons Level 2  
  82  8:52  Drone x7  
  89  9:11  Hatchery  
  89  9:14  Hive  
  88  9:18  Zergling x4  
  88  9:19  Zergling x28  
  88  9:20  Zergling x4  
  106  9:40  Baneling x8  
  60  10:11  Drone x5  
  65  10:23  Zergling x2  
  65  10:24  Zergling x26  
  79  10:35  Ultralisk Cavern  
  78  10:51  Baneling x6  
  78  10:56  Drone x3  
  81  10:58  Queen  
  81  11:02  Mutalisk x6  
  95  11:17  Drone x7  
  102  11:41  Zerg Melee Weapons Level 3  
  102  11:45  Zerg Ground Armor Level 3  
  102  12:03  Chitinous Plating  
  102  12:06  Pneumatized Carapace  
  102  12:21  Drone x2  
  104  12:23  Overlord x2  
  104  12:24  Overlord x4  
  104  12:44  Drone  
  104  12:45  Drone x5  
  110  13:00  Ultralisk x2  
  122  13:21  Ultralisk x2  
  122  13:22  Ultralisk x2  
  146  13:29  Overlord  
  146  13:30  Overlord x3  
  146  13:51  Ultralisk x2  
  158  14:07  Zergling x2  
  158  14:08  Zergling x18  
  168  14:28  Ultralisk  
  174  14:32  Overlord  
  174  14:33  Overlord x4  
  174  14:40  Adrenal Glands  
  148  15:20  Ultralisk  
  148  15:21  Ultralisk x2  
  115  16:02  Ultralisk x2  
  127  16:52  Mutalisk  
  127  16:53  Mutalisk x5  
  137  17:40  Hatchery  
  136  17:50  Zergling x4  
  138  18:16  Hatchery  
  137  18:22  Hatchery  
  136  18:29  Zergling x12  
  142  19:19  Zergling x12  
  140  20:26  Mutalisk  
  140  20:27  Mutalisk x10  
  162  21:13  Queen  
  150  22:29  Zergling x2  
  149  22:30  Zergling x46  
  149  22:31  Zergling x26  
  149  22:32  Extractor x3  
  149  22:35  Extractor  
  120  23:41  Spawning Pool  
  119  24:58  Lair  
  105  26:05  Spire  
  100  27:21  Mutalisk x9  
  100  27:22  Mutalisk x16  
Show
View Real Time Build Order
Export as new Build Order

fred Terran 

Build Orders: Reaper Expand 

Get SALT Encoding   

  12  0:01  SCV  
  13  0:13  SCV  
  14  0:19  Supply Depot  
  14  0:25  SCV  
  15  0:41  SCV  
  16  0:45  Barracks  
  16  0:52  Refinery  
  16  0:53  SCV  
  17  1:05  SCV  
  17  1:06  Supply Depot  
  18  1:17  SCV  
  19  1:41  Command Center  
  19  1:46  Reaper  
  20  1:51  Orbital Command  
  20  1:58  Refinery  
  20  2:18  Reaper, Engineering Bay  
  20  2:19  SCV  
  22  2:34  Barracks  
  22  2:35  SCV  
  23  2:50  Marine  
  24  2:55  Bunker  
  24  3:07  Hi-Sec Auto Tracking  
  24  3:12  Marine  
  25  3:13  Factory  
  25  3:24  Barracks Tech Lab  
  25  3:27  Planetary Fortress, Barracks  
  25  3:36  Supply Depot  
  25  3:44  Concussive Shells  
  25  3:47  Barracks Reactor  
  25  3:52  SCV  
  26  4:00  Factory Reactor  
  26  4:04  SCV  
  26  4:08  SCV  
  28  4:16  SCV, Supply Depot  
  29  4:20  SCV  
  29  4:21  Terran Infantry Weapons Level 1  
  29  4:23  Barracks Reactor  
  30  4:28  SCV  
  31  4:32  SCV  
  31  4:36  Missile Turret  
  32  4:42  Hellion  
  34  4:47  Supply Depot  
  34  4:51  Marine, Marauder  
  37  4:53  Marine  
  37  4:57  SCV  
  37  4:59  Missile Turret, SCV  
  40  5:01  Marine  
  39  5:09  Marine  
  39  5:10  Hellion  
  39  5:11  Hellion  
  42  5:28  Marine x3, Marauder  
  42  5:29  Marine  
  45  5:46  Marine x4  
  45  5:49  Bunker  
  51  5:50  Marauder  
  51  5:52  SCV x2  
  53  5:58  Combat Shield  
  53  6:04  Marine x4  
  61  6:11  Marauder, Hellion  
  61  6:13  Hellion  
  63  6:21  Supply Depot  
  63  6:22  Marine x2, Supply Depot  
  65  6:30  Starport  
  65  6:31  SCV  
  66  6:37  Missile Turret  
  66  6:42  Marine x2, Marauder  
  66  6:43  SCV  
  71  6:51  Missile Turret  
  71  6:54  Terran Infantry Armor Level 1  
  71  7:00  Supply Depot x2  
  71  7:05  Marine, Marauder  
  71  7:07  Marine  
  75  7:10  Starport Reactor  
  75  7:19  Refinery  
  75  7:20  SCV  
  76  7:23  Refinery  
  76  7:27  Marauder  
  78  7:34  Supply Depot  
  78  7:44  Stimpack  
  78  7:47  Medivac  
  78  7:48  Medivac  
  82  8:03  Command Center  
  82  8:05  Marine x2  
  84  8:06  Marine  
  84  8:08  Missile Turret  
  84  8:09  Marine  
  86  8:27  Supply Depot, Medivac x2  
  90  8:36  Supply Depot  
  90  8:37  Marine x2, Marauder  
  90  8:39  Marine  
  95  8:50  Supply Depot  
  95  8:56  Missile Turret  
  95  8:57  Marine x4  
  95  8:58  Marine  
  100  9:14  Marine  
  100  9:15  Marine x3  
  100  9:16  Marauder  
  79  9:17  Medivac  
  108  9:32  Marine  
  108  9:33  Marine  
  108  9:34  Marine x2  
  108  9:37  Marauder  
  114  9:50  Marine  
  114  9:51  Marine x3  
  118  9:58  Marine  
  96  10:06  Planetary Fortress  
  87  10:11  Missile Turret x2  
  87  10:14  Missile Turret  
  87  10:23  Marine x4  
  91  10:31  Marine, Missile Turret  
  91  10:34  Missile Turret  
  92  10:41  Marine x3  
  95  10:42  Armory  
  95  10:46  Supply Depot  
  95  10:51  SCV  
  96  11:03  SCV  
  97  11:10  Marine x4, Marauder  
  103  11:15  SCV  
  104  11:19  Supply Depot, Medivac  
  106  11:27  SCV  
  106  11:28  Marine x4  
  106  11:30  Barracks  
  106  11:32  Marine  
  112  11:39  SCV  
  113  11:45  Marine  
  113  11:46  Marine x2  
  113  11:47  Marine  
  116  11:50  Marine  
  116  11:51  SCV  
  119  12:03  Marine x2  
  119  12:04  Marine x2  
  119  12:08  Marine, Terran Infantry Weapons Level 2  
  124  12:15  Missile Turret  
  124  12:18  Barracks Reactor  
  124  12:21  Marine x2  
  124  12:22  Marine x2  
  127  12:26  Marauder  
  127  12:28  Barracks  
  130  12:35  Medivac  
  132  12:39  Marine x2  
  132  12:40  Marine x2  
  136  12:48  Marauder  
  138  12:57  Marine x2  
  138  12:58  Marine x2  
  142  13:09  Marauder  
  142  13:15  Marine x3  
  142  13:19  Reaper  
  146  13:25  Command Center  
  146  13:34  Medivac x2  
  146  13:37  Marine x4, Marauder  
  146  13:38  Marine x2  
  158  13:44  Supply Depot  
  158  13:46  Supply Depot  
  158  13:58  Marine x4, Marauder  
  158  13:59  Marine  
  165  14:06  Marine x2  
  147  14:24  Terran Infantry Armor Level 2  
  149  14:31  Marine x3, Marauder  
  149  14:32  Marine x4  
  156  14:49  Marine x5  
  156  14:50  Marine  
  137  14:59  Planetary Fortress  
  110  15:02  Missile Turret  
  106  15:11  Marine x3, Marauder  
  106  15:12  Marine x4  
  111  15:24  Missile Turret  
  111  15:28  Medivac x2  
  111  15:29  Marine x3  
  98  15:45  Missile Turret  
  84  15:52  Marine x5  
  61  15:58  Medivac x2  
  47  16:06  Marine  
  47  16:07  Marine x2, Missile Turret  
  47  16:10  Marine x3  
  26  17:17  Barracks Reactor  
  26  17:23  Barracks Reactor x2, Orbital Command  
  26  17:30  Supply Depot  
  26  17:32  Supply Depot  
  26  17:35  Supply Depot  
  26  17:37  SCV  
  27  17:41  Factory Reactor  
  27  17:49  SCV  
  28  17:57  Supply Depot x2  
  28  18:00  Supply Depot  
  28  18:01  SCV  
  28  18:02  Marine x3  
  28  18:03  Marine x3  
  35  18:10  Starport  
  35  18:13  SCV  
  36  18:20  Marine x5  
  36  18:21  Marine  
  36  18:25  SCV  
  43  18:29  Engineering Bay  
  43  18:34  Barracks  
  43  18:37  SCV  
  43  18:38  Marine x6  
  50  18:49  SCV  
  51  18:55  Marine  
  51  18:56  Marine x5  
  51  19:01  SCV  
  58  19:07  Command Center  
  58  19:12  Starport Tech Lab  
  58  19:13  Marine x2, SCV  
  58  19:14  Marine x4  
  65  19:22  Supply Depot  
  65  19:25  SCV  
  65  19:28  Barracks Reactor  
  66  19:31  Marine  
  66  19:38  Viking  
  69  19:47  Marine x4  
  69  19:48  Marine  
  69  19:49  Marine  
  75  19:57  Supply Depot  
  75  20:03  Supply Depot  
  75  20:08  Viking  
  77  20:32  Marine  
  77  20:33  Marine x7  
  85  20:39  Planetary Fortress  
  85  20:45  Missile Turret  
  85  20:50  Marine x2  
  85  20:51  Marine x3  
  90  20:59  Viking  
  92  21:06  Missile Turret  
  92  21:07  Missile Turret  
  92  21:10  Marine x3  
  95  21:12  Marine  
  96  21:21  SCV  
  97  21:28  Missile Turret  
  97  21:33  SCV  
  97  21:34  Marine x5  
  100  22:07  Marine x2  
  102  22:16  Marine  
  102  22:18  Marine  
  93  22:57  Marine  
  93  22:58  Marine x2  
  45  23:24  Marine  
  45  23:25  Marine x6  
  45  23:26  Marine  
  51  23:42  Marine x2  
  51  23:43  Marine  
  54  24:46  Command Center  
Tags
 
Add a new tag
Caveats
  • Supply blocks, unpowered buildings, or Contaminate may cause inaccurate times.
  • Supply counts are checked every 10 seconds.